 Dungeon Crawl Stone Soup version 0.26-b1-32-g5d43845318 (webtiles) character file.

Game seed: 8024142342407935492

15050 Borgoz the Basher (level 12, -13/76 HPs)
             Began as a Gargoyle Gladiator on Jan 11, 2021.
             Killed by refrigeration
             ... invoked by Fannar
              (25 damage)
             ... on level 12 of the Dungeon.
             The game lasted 00:23:00 (13617 turns).

Borgoz the Basher (Gargoyle Gladiator)             Turns: 13617, Time: 00:23:01

Health: -13/76     AC: 30    Str: 20    XL:     12   Next: 22%
Magic:  12/12      EV: 18    Int:  8    God:
Gold:   550        SH:  0    Dex: 15    Spells: 11/11 levels left

rFire    + . .     SeeInvis .   s - +1 flail (protect)
rCold    . . .     Faith    .   (no shield)
rNeg     + . .     Spirit   .   r - +2 troll leather armour
rPois    ∞         Reflect  .   c - +0 helmet
rElec    +         Harm     .   (no cloak)
rCorr    .         Rampage  .   (no gloves)
Will     .....                  e - +0 pair of boots
Stlth    +.........             B - amulet of regeneration
HPRegen  1.02/turn              x - ring of protection from fire
MPRegen  0.13/turn              L - +4 ring of protection

@: mighty, protection aura, studying Armour
A: negative energy resistance 1, electricity resistance, unbreathing,
petrification resistance, miasma immunity, AC +8
a: no special abilities


You were on level 12 of the Dungeon.
You visited 2 branches of the dungeon, and saw 13 of its levels.

You collected 717 gold pieces.
You spent 167 gold pieces at shops.

Inventory:

Hand Weapons
 j - a +0 dire flail
 s - a +1 flail of protection (weapon)
Armour
 c - a +0 helmet (worn)
 e - a +0 pair of boots (worn)
 o - a +1 scale mail of willpower
 r - a +2 troll leather armour (worn)
 A - +0 acid dragon scales
Jewellery
 k - an uncursed ring of positive energy
 v - a +6 ring of intelligence
 x - a ring of protection from fire (left hand)
 z - an uncursed amulet of guardian spirit
 B - an amulet of regeneration (around neck)
 H - an uncursed amulet of reflection
 L - a +4 ring of protection (right hand)
Wands
 b - a wand of flame (24)
 h - a wand of disintegration (11)
 y - a wand of acid (4)
 K - a wand of random effects (9)
Scrolls
 a - a scroll of vulnerability {unknown}
 d - a scroll of holy word
 i - 3 scrolls of enchant weapon
 l - 4 scrolls of teleportation
 n - 6 scrolls of remove curse
 p - 4 scrolls of magic mapping
 q - 2 scrolls of fog
 D - a scroll of amnesia
 G - 2 scrolls of enchant armour
 J - a scroll of identify
Potions
 f - a potion of flight
 g - 6 potions of brilliance
 m - 2 potions of cancellation {unknown}
 t - a potion of resistance {unknown}
 u - 2 potions of attraction {unknown}
 F - a potion of magic
 I - a potion of invisibility
Books
 w - a manual of Armour


   Skills:
 + Level 9.1 Fighting
 * Level 11.6 Maces & Flails
 - Level 1.7 Throwing
 + Level 11.2 Armour
 * Level 9.9 Dodging


You had 11 spell levels left.
You didn't know any spells.
Your spell library contained the following spells:

 Spells                   Type           Power        Failure   Level
 Confusing Touch          Hex            0%           82%         3
 Gell's Gravitas          Tloc           0%           82%         3
 Petrify                  Tmut/Erth      0%           99%         4
 Metabolic Englaciation   Hex/Ice        0%           100%        5
 Yara's Violent Unravell  Hex/Tmut       0%           100%        5


Dungeon Overview and Level Annotations

Branches:
Dungeon (11/15)            Temple (1/1) D:7            Lair (0/6) D:8
    Orc (0/2) D:9

Altars:
Ashenzari
Cheibriados
Dithmenos
Elyvilon
Fedhas
Gozag
Hepliaklqana
Kikubaaqudgha
Makhleb
Nemelex Xobeh
Okawaru
Qazlal
Ru
Sif Muna
Trog
Uskayaw
Vehumet
Wu Jian
Xom
Yredelemnul
Zin
The Shining One

Shops:
D:6 *   D:9 (?![   D:10 (

Portals:
Abyss: D:10

Annotations:
D:10 2 transporters, ubloh's ghost, journeyman FoFi
D:12 Fannar


Innate Abilities, Weirdness & Mutations

You are resistant to torment.
Your stone body is resilient. (AC +8)
You are immune to poison.
You resist negative energy. (rN+)
You are resistant to electric shocks. (rElec)
You can survive without breathing.
You are immune to petrification.
You are immune to miasma.


Message History

Fannar freezes you.
You bludgeon the very large slime creature!!
The very large slime creature is almost dead.
The very large slime creature struggles against the net.
The net rips apart, and the very large slime creature comes free!
You barely miss the very large slime creature.
The very large slime creature is almost dead.
Fannar hits you but does no damage.
You thump the very large slime creature!
You kill the very large slime creature!
Fannar closely misses you.
Fannar casts a spell.
Fannar drains the heat from the surrounding environment!
You feel very cold.
* * * LOW HITPOINT WARNING * * *
Fannar is frozen.
Fannar resists.
Fannar mumbles some strange words.
Fannar drains the heat from the surrounding environment!
You feel very cold.
You die...

#############
#....<........
#..#..........
#..#.....>.#
#..#.e.....#
#..#.@##......
#..#..##...###
#..........#
#.....####.#
#..##.#..#
#..##.#..#
#.....#..#
#.....'..#
#.....#..#


You could see Fannar (icy armour).

Vanquished Creatures
  Gastronok (D:8)
  Harold (D:9)
  A boulder beetle (D:11)
  2 two-headed ogres
  A slime creature (D:12)
  An unseen horror (D:11)
  A deep elf mage (D:9)
  Joseph (D:8)
  An elephant (D:8)
  Maggie (D:8)
  2 trolls
  Prince Ribbit (D:8)
  Sigmund (D:5)
  A vampire (D:10)
  A yak (D:8)
  A wraith (D:10)
  Grum (D:8)
  2 wyverns
  A basilisk (D:8)
  A steam dragon (D:6)
  2 ice beasts (D:8)
  3 sky beasts
  7 orc warriors
  4 black bears
  3 phantoms
  10 ogres
  A centaur (D:7)
  An eye of draining (D:8)
  4 wolves
  3 big kobolds
  4 gnoll sergeants (D:10)
  8 bullfrogs
  A wyvern skeleton (D:10)
  A scorpion (D:5)
  7 wights
  4 howler monkeys
  2 bullfrog zombies
  2 centaur skeletons
  13 hounds
  A centaur zombie (D:4)
  3 jellies
  4 gnoll shamans (D:10)
  7 orc priests
  10 orc wizards
  A bullfrog skeleton (D:5)
  3 iguanas
  Natasha (thrice) (D:3)
  3 worker ants
  The ghost of emiel the Sneak, a weakling TrDe (D:4)
  A hound zombie (D:7)
  A hound skeleton (D:6)
  2 worker ant zombies
  17 gnolls
  14 adders
  2 river rats (D:4)
  A shadow imp (D:10)
  3 white imps
  3 ufetubi
  An adder zombie (D:9)
  An ooze (D:3)
  3 worms
  3 dart slugs
  6 leopard geckos
  35 orcs
  A ball python (D:4)
  11 bats
  7 giant cockroaches
  7 goblins
  7 hobgoblins
  9 jackals
  18 kobolds
  A quokka (D:2)
  6 frilled lizards
  2 jackal skeletons
  A leopard gecko skeleton (D:6)
  A quokka zombie (D:7)
  10 rats
313 creatures vanquished.

Vanquished Creatures (others)
  An orc wizard (D:9)
  A white imp (D:8)
  An orc (D:8)
  3 fungi (D:8)
  A plant (D:8)
7 creatures vanquished.

Grand Total: 320 creatures vanquished

Notes
Turn   | Place    | Note
-------+----------+-------------------------------------------
     0 | D:1      | Borgoz the Gargoyle Gladiator began the quest for the Orb.
     0 | D:1      | Reached XP level 1. HP: 12/12 MP: 1/1
   314 | D:1      | Reached XP level 2. HP: 17/17 MP: 2/2
   770 | D:1      | Reached XP level 3. HP: 22/22 MP: 3/3
   805 | D:1      | Reached skill level 1 in Armour
  1113 | D:2      | Reached XP level 4. HP: 13/27 MP: 4/4
  1632 | D:2      | Found a stormy altar of Qazlal.
  1632 | D:2      | Found a hide-covered altar of Uskayaw.
  1744 | D:2      | Found a shimmering blue altar of Sif Muna.
  1878 | D:3      | You fall into a shaft and drop 2 floors!
  1878 | D:5      | Entered Level 5 of the Dungeon
  1912 | D:4      | Reached XP level 5. HP: 18/32 MP: 5/5
  2403 | D:3      | Found an opulent altar of Gozag.
  2404 | D:3      | Found a glowing silver altar of Zin.
  2489 | D:3      | Noticed Natasha
  2504 | D:3      | Killed Natasha
  2719 | D:3      | Noticed Natasha
  2726 | D:3      | Killed Natasha
  3170 | D:3      | Noticed Natasha
  3179 | D:3      | Killed Natasha
  3180 | D:3      | Reached XP level 6. HP: 26/37 MP: 6/6
  3589 | D:4      | Found a runed translucent door.
  3589 | D:4      | Noticed emiel's ghost (weakling TrDe)
  4044 | D:4      | Found a runed translucent door.
  4071 | D:4      | Reached skill level 5 in Maces & Flails
  4071 | D:4      | Reached XP level 7. HP: 35/42 MP: 7/7
  4329 | D:4      | Killed emiel's ghost
  4864 | D:5      | Reached XP level 8. HP: 42/48 MP: 8/8
  4901 | D:5      | Found a white marble altar of Elyvilon.
  5006 | D:5      | Reached skill level 5 in Dodging
  5019 | D:5      | Noticed Sigmund
  5033 | D:5      | Killed Sigmund
  5315 | D:5      | Reached skill level 5 in Fighting
  6316 | D:6      | Found a snail-covered altar of Cheibriados.
  6317 | D:6      | Found a blossoming altar of Fedhas.
  6317 | D:6      | Found a shadowy altar of Dithmenos.
  6318 | D:6      | Found a shimmering altar of Xom.
  6377 | D:6      | Reached skill level 5 in Armour
  6377 | D:6      | Reached XP level 9. HP: 54/54 MP: 9/9
  7360 | D:6      | Found Hunoifo's Assorted Antiques.
  7373 | D:6      | Bought a bubbling yellow potion for 25 gold pieces
  7373 | D:6      | Bought a scroll labelled NUOXZO AXIOCER for 28 gold pieces
  7373 | D:6      | Bought a scroll of identify for 56 gold pieces
  7373 | D:6      | Bought a scroll labelled REEPAESTR BEAFI for 28 gold pieces
  7537 | D:6      | Found an iron altar of Okawaru.
  7788 | D:7      | Found a staircase to the Ecumenical Temple.
  7897 | Temple   | Entered the Ecumenical Temple
  9278 | D:8      | Noticed a troll
  9299 | D:8      | Killed a troll
  9300 | D:8      | Reached XP level 10. HP: 25/61 MP: 1/10
  9483 | D:8      | Noticed Gastronok
  9506 | D:8      | Killed Gastronok
  9668 | D:8      | Found a sacrificial altar of Ru.
  9762 | D:8      | Noticed Prince Ribbit
  9764 | D:8      | Noticed Joseph
  9776 | D:8      | Killed Prince Ribbit
  9786 | D:8      | Killed Joseph
 10093 | D:8      | Noticed an elephant
 10116 | D:8      | Killed an elephant
 10189 | D:8      | Found a staircase to the Lair.
 10253 | D:8      | Noticed Grum
 10262 | D:8      | Reached skill level 10 in Maces & Flails
 10262 | D:8      | Reached XP level 11. HP: 61/67 MP: 8/11
 10315 | D:8      | Killed Grum
 10403 | D:8      | Noticed Maggie
 10428 | D:8      | Killed Maggie
 10467 | D:8      | Noticed a two-headed ogre
 10481 | D:8      | Killed a two-headed ogre
 10954 | D:9      | Found Yvicruaf's Distillery.
 11086 | D:9      | Found Kibih's Antique Armour Shoppe.
 11109 | D:9      | Noticed Harold
 11153 | D:9      | Killed Harold
 11154 | D:9      | Reached skill level 10 in Armour
 11263 | D:9      | Noticed a two-headed ogre
 11292 | D:9      | Killed a two-headed ogre
 11400 | D:9      | Found a staircase to the Orcish Mines.
 11439 | D:9      | Found Mingy's Weapon Boutique.
 11459 | D:9      | Found Atocev's Magic Scroll Boutique.
 11466 | D:9      | Bought a scroll of identify for 30 gold pieces
 11602 | D:9      | Noticed a deep elf mage
 11622 | D:9      | Killed a deep elf mage
 11858 | D:10     | Entered Level 10 of the Dungeon
 12201 | D:10     | Found a transporter.
 12202 | D:10     | Found the cursed +13 scythe of Curses {drain, *Curse}
 12238 | D:10     | Found a transporter.
 12253 | D:10     | Found a one-way gate to the infinite horrors of the Abyss.
 12253 | D:10     | Noticed a rakshasa
 12253 | D:10     | Noticed ubloh's ghost (journeyman FoFi)
 12255 | D:10     | Noticed a purple ugly thing
 12513 | D:10     | Found Gytief's Weapon Shoppe.
 12810 | D:10     | Identified the +6 battleaxe "Cawuys" {distort, *Slow +Fly
                  | rN+ SInv}
 12810 | D:10     | Noticed a skeletal warrior
 12891 | D:11     | Killed an unseen horror
 12892 | D:11     | Reached XP level 12. HP: 66/75 MP: 12/12
 12983 | D:11     | Noticed a boulder beetle
 13319 | D:11     | HP: 3/75 [boulder beetle (20)]
 13335 | D:11     | Killed a boulder beetle
 13555 | D:11     | You fall into a shaft and drop 1 floor!
 13591 | D:12     | Noticed Fannar
 13617 | D:12     | Killed from afar by Fannar

Illustrated notes

Levels and vault maps discovered:
D:1:      erik_arrival_blinker_ship, layout_basic
D:2:      layout_rooms, lemuel_blue_sif_altar,
          gammafunk_temple_overflow_elements
D:3:      layout_basic, grunt_temple_overflow_gold_and_silver, uniq_natasha
D:4:      layout_loops_cross, ebering_ghost_sewer_f, dk_noncrumbling_3
D:5:      layout_layer_cave, lemuel_crystal_altar,
          hangedman_decor_diamond_cutter, minmay_manual_mullet, uniq_sigmund
D:6:      layout_basic, chequers_temple_overflow_statue_of_worship,
          serial_shops, nicolae_shop_overgrown_old_shop, basic_altar,
          minmay_three_doors
D:7:      layout_basic, lemuel_temple_firewalk_b, feat_on_display
D:8:      layout_basic, nicolae_overflow_crystal_walls, david_lair_generic,
          chequers_arboretum, uniq_grum, uniq_maggie, uniq_prince_ribbit1,
          uniq_joseph, uniq_gastronok
D:9:      layout_loops_ring, erik_orc_3, serial_shops, shop_fountains,
          shop_statue, shop, kennysheep_little_box, uniq_harold
D:10:     layout_big_octagon, serial_gnoll_camp, gnoll_camp_mini_hut,
          gnoll_camp_mini_house, gnoll_camp_mini_hut, gnoll_camp_huts_basic,
          gnoll_camp_mini_house, gnoll_camp_mini_basic,
          gammafunk_ghost_abyssal_escape, serial_shops, kennysheep_mini_moat
D:11:     layout_layer_cave, hangedman_stone_soup, lemuel_old_faithful
D:12:     layout_stronghold, portal_ice_cave_rime, gammafunk_ghost_split,
          minmay_strange_pillars, uniq_fannar, uniq_maurice, uniq_jorgrun
Temple:   minmay_temple_curvy_loop

Skill      XL: |  1  2  3  4  5  6  7  8  9 10 11 12 |
---------------+-------------------------------------+-----
Armour         | 1 2 3 5 7 9 10 11 | 11.2
Dodging        | 3 4 5 7 8 9 |  9.9
Fighting       | 3 4 5 6 7 8 9 |  9.1
Maces & Flails | 4 5 7 8 10 11 | 11.6
Throwing       | |  1.7

Action                   |  1- 3 |  4- 6 |  7- 9 | 10-12 || total
-------------------------+-------+-------+-------+-------++-------
Melee: Flail             |   120 |   186 |   549 |  1013 ||  1868
Throw: Throwing net      |       |     3 |     2 |     3 ||     8
Evoke: Wand              |       |       |       |     8 ||     8
  Use: Potion            |     1 |     2 |     4 |    10 ||    17
       Scroll            |       |     4 |    12 |     6 ||    22
 Stab: Held in net/web   |       |       |     1 |     5 ||     6
       Sleeping          |       |       |     2 |       ||     2
Armor: Leather armour    |    66 |       |       |       ||    66
       Scale mail        |       |    97 |   241 |       ||   338
       Steam dragon scal |       |       |    89 |     4 ||    93
       Troll leather arm |       |       |       |   476 ||   476
Dodge: Dodged            |   120 |   108 |   396 |   883 ||  1507
